 Dungeon Crawl Stone Soup version 0.27-a0-1559-g299f9947c5 (webtiles) character file.

Game seed: 7979072462967528347

40 HAL9000 the Changer (level 3, 28/28 HPs)
             Began as a Draconian Transmuter on July 16, 2021.
             Quit the game on level 2 of the Dungeon.
             The game lasted 00:01:19 (1730 turns).

HAL9000 the Changer (Draconian Transmuter)          Turns: 1730, Time: 00:01:20

Health: 28/28      AC:  5    Str: 13    XL:     3   Next: 30%
Magic:  6/6        EV: 11    Int: 13    God:
Gold:   94         SH:  5    Dex:  7    Spells: 3/6 levels left

rFire    . . .     SeeInvis .     - Unarmed
rCold    . . .     Faith    .   (no shield)
rNeg     . . .     Spirit   .   (armour unavailable)
rPois    .         Reflect  +   (helmet restricted)
rElec    .         Harm     .   (no cloak)
rCorr    .         Rampage  .   (no gloves)
Will     .....                  (no boots)
Stlth    +.........             h - amulet of reflection
HPRegen  0.09/turn              (no ring)
MPRegen  0.10/turn              (no ring)

@: no status effects
A: AC +5, unfitting armour, cold-blooded, hooves 1, clumsy 2
a: no special abilities


You were on level 2 of the Dungeon.
You visited 1 branch of the dungeon, and saw 2 of its levels.

You collected 94 gold pieces.

Inventory:

Missiles
 i - 7 javelins
Jewellery
 h - an amulet of reflection (around neck)
Scrolls
 c - a scroll of identify {unknown}
 d - a scroll of immolation {unknown}
 e - a scroll of magic mapping {unknown}
 g - a scroll of amnesia {unknown}
Potions
 a - a potion of haste {unknown}
 f - 2 potions of mutation


   Skills:
 - Level 1.1 Fighting
 - Level 1.7 Dodging
 - Level 3.0 Unarmed Combat
 - Level 2.0 Spellcasting
 + Level 3.8 Transmutations


You had 3 spell levels left.
You knew the following spells:

 Your Spells              Type           Power      Damage    Failure   Level
a - Beastly Appendage     Tmut           22%        N/A       5%          1
b - Wereblood             Tmut           11%        N/A       9%          2

Your spell library contained the following spells:

 Spells                   Type           Power      Damage    Failure   Level
 Spider Form              Tmut/Pois      3%         N/A       34%         3
 Ice Form                 Ice/Tmut       6%         N/A       75%         4


Dungeon Overview and Level Annotations

Branches:
Dungeon (2/15)

Altars:


Innate Abilities, Weirdness & Mutations

Your plain brown scales are hard. (AC +5)
You cannot fit into any form of body armour.
You are cold-blooded and may be slowed by cold attacks.
You have large cloven feet.
You are very clumsy. (Dex -4)


Message History

Your transformation is almost over.
The adder misses you.
You feel better. The adder barely misses you. x2
You barely miss the adder.
Your tail-slap misses the adder.
The adder is almost dead.
You block the adder's attack.
You closely miss the adder.
The adder is almost dead.
The adder closely misses you.
You completely miss the adder.
The adder is almost dead.
The adder misses you. The adder barely misses you.
You miss the adder. Your headbutt misses the adder.
The adder is almost dead.
The adder bites you but does no damage.
You barely miss the adder. Your headbutt misses the adder.
The adder is almost dead.
The adder bites you but does no damage.
You barely miss the adder. Your kick misses the adder.
The adder is almost dead.
The adder bites you but does no damage.
You hit the adder.
You kill the adder!
You hit the frilled lizard.
You kill the frilled lizard!
Your horns disappear.
Things that are here:
a frilled lizard corpse; an adder corpse; a bat corpse Unknown command.
You start resting.
Magic restored.
You start resting.
HP restored.
Things that are here:
a frilled lizard corpse; an adder skeleton; a bat skeleton You open the door.
There is an open door here.
You open the door.
Found 15 stones.
Are you sure you want to abandon this character and quit the game? (Confirm with "yes".)

#.###.##.⌠........#
#......#.....#.....
######.##........⌠. #
#.##.......... #.
#.###........# #.. #.#
#..⌠...### #...
..####...###..
+#(...########.#.###...⌠
......'@.......#.#......
......########.#........
...## #.##.⌠..... .
#.^#.....#. #..##......
##.##...... #.###.....
#.# #..⌠.. #.# ##...#


There were no monsters in sight!

Vanquished Creatures
  2 adders (D:2)
  A worm (D:2)
  An endoplasm (D:2)
  3 goblins
  2 hobgoblins (D:1)
  2 jackals (D:1)
  A quokka (D:2)
  A ball python (D:1)
  6 bats
  A frilled lizard (D:2)
  2 rats (D:2)
22 creatures vanquished.

Notes
Turn   | Place    | Note
-------+----------+-------------------------------------------
     0 | D:1      | HAL9000 the Draconian Transmuter began the quest for the
                  | Orb.
     0 | D:1      | Reached XP level 1. HP: 16/16 MP: 3/3
   246 | D:1      | Found a faded altar of an unknown god.
   833 | D:1      | Reached XP level 2. HP: 23/23 MP: 3/5
   854 | D:1      | Learned a level 2 spell: Wereblood
  1486 | D:2      | Reached XP level 3. HP: 8/28 MP: 3/6
  1486 | D:2      | Gained mutation: You are clumsy. (Dex -2) [potion of
                  | mutation]
  1486 | D:2      | Gained mutation: You have large cloven feet. [potion of
                  | mutation]
  1486 | D:2      | Gained mutation: You are very clumsy. (Dex -4) [potion of
                  | mutation]
  1730 | D:2      | Quit the game

Illustrated notes

Levels and vault maps discovered:
D:1:      dpeg_arrival_tiny_j, layout_loops_ring, serial_forest,
          infiniplex_forest_clump_C, infiniplex_forest_lined_3,
          infiniplex_forest_lined_room_3, infiniplex_forest_corner_1,
          infiniplex_forest_end_2, chequers_ecumenical_altar_island
D:2:      minmay_skewed_foursquare, layout_basic

Skill      XL: |  1  2 |
---------------+-------+-----
Transmutations | 3 |  3.8
Fighting       | |  1.1
Dodging        | |  1.7
Unarmed Combat | |  3.0
Spellcasting   | |  2.0

Action                   || total
-------------------------++-------
Melee: Unarmed           ||    95
       Kick              ||     9
       Tailslap          ||     8
       Headbutt          ||     7
       Punch             ||     1
 Cast: Beastly Appendage ||    12
  Use: Potion            ||     3
Armor: Skin              ||    45
Dodge: Dodged            ||    88
Block: Other             ||     7

Table legend: (Time is in decaauts)
 A = Elapsed time spent in this place.
 B = Non-inter-level travel time spent in this place.
 C = Inter-level travel time spent in this place.
 D = Time resting spent in this place.
 E = Time spent auto-exploring this place.
 F = Levels seen in this place.
 G = Mean time per level.
                   A        B        C        D        E       F      G
               +--------+--------+--------+--------+--------+-----+--------+
         Total |   1728 |   1709 |     19 |    368 |   1133 |   2 |  864.0 |
       Dungeon |   1728 |   1709 |     19 |    368 |   1133 |   2 |  864.0 |
               +--------+--------+--------+--------+--------+-----+--------+

Top non-repeatable levels by time:
     D:1: 1144 daAuts
     D:2: 584 daAuts
